 Dungeon Crawl Stone Soup version 0.22.1-6-g1668fe2c40 (webtiles) character file.

7825 Ihlosi the Basher (level 11, -1/67 HPs)
             Began as a Kobold Fighter on Jan 28, 2019.
             Was a Priest of the Shining One.
             Killed from afar by a manticore (13 damage)
             ... with a volley of spikes
             ... on level 11 of the Dungeon.
             The game lasted 00:37:27 (14978 turns).

Ihlosi the Basher (Kobold Fighter)                 Turns: 14978, Time: 00:37:27

Health: -1/67      AC: 15    Str: 15    XL:     11   Next: 44%
Magic:  14/14      EV: 15    Int: 14    God:    the Shining One [***...]
Gold:   125        SH:  6    Dex: 16    Spells: 10/10 levels left

rFire    . . .     SeeInvis +   a - +3 morningstar (protect)
rCold    + . .     Gourm    .   m - +0 buckler
rNeg     + . .     Faith    .   H - +4 scale mail of Untruth {rElec rC+ Int+4}
rPois    .         Spirit   .   p - +1 helmet
rElec    +         Reflect  .   E - +0 cloak
rCorr    .         Harm     .   N - +0 pair of gloves
MR       +....                  (no boots)
Stlth    ..........             b - amulet of magic regeneration
HPRegen  0.21/turn              i - ring of protection from magic
MPRegen  0.39/turn              C - ring of see invisible

@: barbed spikes, very slightly contaminated, glowing
A: small, iridescent scales 1, carnivore, deformed body
a: Divine Shield, Renounce Religion


You were on level 11 of the Dungeon.
You worshipped the Shining One.
The Shining One was most pleased with you.
You were completely stuffed.

You visited 2 branches of the dungeon, and saw 12 of its levels.

You collected 462 gold pieces.
You spent 337 gold pieces at shops.

Inventory:

Hand Weapons
 a - a +3 morningstar of protection (weapon)
 d - the +10 hunting sling "Kuok" {speed, rPois Int+2 Stlth-, unknown}
   (You found it on level 10 of the Dungeon)

   Attacks with this weapon are significantly faster.
   It affects your intelligence (+2).
   It protects you from poison.
   It makes you less stealthy.
 s - a +0 spear of venom
 t - a +0 spear of piercing
 y - a +0 hand crossbow
 B - a +0 rapier of flaming
Missiles
 o - 76 bolts
 q - 6 throwing nets (quivered)
Armour
 m - a +0 buckler (worn)
 p - a +1 helmet (worn)
 w - the +0 pair of boots of the Meadowlark {+Fly Dex-4 Stlth+}
   (You found it on level 4 of the Dungeon)

   It affects your dexterity (-4).
   It lets you fly.
   It makes you more stealthy.
 D - a +1 leather armour of fire resistance
 E - a +0 cloak (worn)
 G - the +2 robe "Ymibesic" {MR+ Str+3 Stlth+, unknown}
   (You found it on level 8 of the Dungeon)

   It affects your strength (+3).
   It affects your resistance to hostile enchantments.
   It makes you more stealthy.
 H - the +4 scale mail of Untruth (worn) {rElec rC+ Int+4}
   (You found it on level 8 of the Dungeon)

   It affects your intelligence (+4).
   It protects you from cold.
   It insulates you from electricity.
 K - a +2 chain mail of fire resistance
 M - a +0 chain mail of positive energy
 N - a +0 pair of gloves (worn)
Jewellery
 b - an amulet of magic regeneration (around neck)
 i - a ring of protection from magic (left hand)
 l - an uncursed ring of resist corrosion
 z - the ring "Synisiag" {*Tele Slay+2 SInv}
   (You bought it in a shop on level 4 of the Dungeon)

   [ring of teleportation]

   It may teleport you next to monsters.
   It affects your accuracy and damage with ranged weapons and melee attacks
   (+2).
   It lets you see invisible.
 C - a ring of see invisible (right hand)
 J - a cursed -3 ring of slaying {unknown}
Wands
 u - a wand of enslavement (6)
Scrolls
 c - a scroll of blinking
 e - a scroll of enchant armour
 g - 3 scrolls of enchant weapon
 F - 5 scrolls of identify
Potions
 h - 3 potions of curing
 j - 3 potions of flight
 k - a potion of invisibility
 n - a potion of ambrosia
 r - a potion of mutation
 v - 2 potions of degeneration
 A - a potion of magic
 I - a potion of cancellation
Comestibles
 f - 27 rations
 x - 5 chunks of flesh


   Skills:
 * Level 7.3 Fighting
 * Level 9.5 Maces & Flails
 * Level 3.7 Crossbows
 * Level 6.2 Armour
 * Level 6.0 Dodging
 * Level 5.0 Shields
 * Level 4.7 Invocations
 * Level 4.9 Evocations


You had 10 spell levels left.
You didn't know any spells.
Your spell library was empty.

Dungeon Overview and Level Annotations

Branches:
Dungeon (11/15)            Temple (1/1) D:5            Lair (0/6) D:10
    Orc (0/2) D:9

Altars:
Ashenzari
Cheibriados
Dithmenos
Elyvilon
Fedhas
Gozag
Hepliaklqana
Kikubaaqudgha
Makhleb
Nemelex Xobeh
Okawaru
Qazlal
Ru
Sif Muna
Trog
Uskayaw
Vehumet
Wu Jian
Xom
Yredelemnul
Zin
The Shining One

Shops:
D:4 *   D:7 :   D:9 (*!}

Annotations:
D:4 unfinished
D:5 Gnoll fortree, troll needs digging


Innate Abilities, Weirdness & Mutations

You are small and have problems with some larger weapons.
You are carnivorous and can eat meat at any time.
You are partially covered in iridescent scales. (AC +2)
Armour fits poorly on your strangely shaped body.


Message History

You block the manticore's attack.
You thump the manticore!
The manticore is moderately wounded.
The manticore bites you!
* * * LOW HITPOINT WARNING * * *
The manticore claws you.
* * * LOW HITPOINT WARNING * * *
You block the manticore's attack.
Okay, then.
Okay, then.
Okay, then.
Blink to where?
Press: ? - help, Dir - move target cursor You are very lightly contaminated with residual magic.
As you read the scroll of blinking, it crumbles to dust.
There is a stone staircase leading up here.
The manticore flicks its tail.
The volley of spikes hits you!
The barbed spikes become lodged in your body.
You die...

*,,,,,,,,,****,,,,,
*******+*** ***+**
*,,,,* *,**
####+####### *,,,
#..........# ****
#..........# ****
#.>รท.......#**
*,,,
#..).......+,***,,,
#.@....H...#,,**,,,
#..........#*,,+,,,
#########'##****,,,
###.# *,,, #...#
*,,, #.### ***+ #.#
**, #a# *,,
******#'#** **+*


You could see a manticore.

Vanquished Creatures
  Harold (D:10)
  2 two-headed ogres (D:10)
  A manticore (D:11)
  A hippogriff (D:7)
  4 hogs (D:8)
  Grum (D:10)
  A human (D:8)
  2 hungry ghosts
  3 orc warriors
  An ice beast (D:9)
  An eye of draining (D:10)
  2 sky beasts
  2 black bears
  A necrophage (D:9)
  2 phantoms
  2 ogres
  2 centaurs
  2 wolves (D:10)
  A big kobold (D:9)
  2 bullfrogs
  A gnoll sergeant (D:5)
  A wyvern zombie (D:7)
  A scorpion (D:8)
  4 killer bees (D:7)
  A howler monkey (D:9)
  A bullfrog zombie (D:8)
  4 crimson imps
  A centaur zombie (D:7)
  2 bullfrog skeletons (D:9)
  4 hounds
  3 gnoll shamans (D:5)
  2 jellies
  2 orc priests (D:7)
  6 orc wizards
  Ijyb (D:4)
  Natasha (thrice) (D:4)
  An iguana (D:5)
  10 worker ants
  A hound skeleton (D:10)
  A howler monkey zombie (D:7)
  8 adders
  48 gnolls
  An ooze (D:3)
  3 adder skeletons (D:4)
  3 adder zombies
  3 worms
  4 dart slugs
  3 leopard geckos
  21 orcs
  6 bats
  4 giant cockroaches
  7 goblins
  6 hobgoblins
  20 jackals
  5 quokkas
  2 ball pythons
  5 frilled lizards
  A jackal skeleton (D:4)
  12 kobolds
  4 rats
  A spectral orc (D:8)
251 creatures vanquished.

Vanquished Creatures (collateral kills)
  A scorpion (D:10)
  3 orc priests (D:10)
  An adder (D:10)
  3 orcs (D:10)
8 creatures vanquished.

Vanquished Creatures (others)
  A wizard (D:3)
  A gargoyle (D:10)
  An orc warrior (D:10)
3 creatures vanquished.

Grand Total: 262 creatures vanquished

Notes
Turn   | Place    | Note
-------+----------+-------------------------------------------
     0 | D:1      | Ihlosi the Kobold Fighter began the quest for the Orb.
     0 | D:1      | Reached XP level 1. HP: 14/14 MP: 1/1
   108 | D:1      | Reached XP level 2. HP: 17/19 MP: 2/2
   149 | D:1      | Reached skill level 2 in Maces & Flails
   385 | D:1      | Reached XP level 3. HP: 23/23 MP: 3/3
  1373 | D:2      | Reached skill level 1 in Dodging
  1739 | D:3      | Reached XP level 4. HP: 25/28 MP: 4/4
  2145 | D:3      | Found a bloodstained altar of Trog.
  2153 | D:3      | Reached skill level 3 in Maces & Flails
  2162 | D:3      | Noticed a wizard
  2167 | D:3      | Killed a wizard
  2642 | D:4      | Reached XP level 5. HP: 19/33 MP: 5/5
  3206 | D:4      | Noticed Ijyb
  3314 | D:4      | Reached XP level 6. HP: 36/38 MP: 6/6
  3535 | D:5      | Entered Level 5 of the Dungeon
  3535 | D:5      | Noticed a phantom
  3535 | D:5      | Noticed an ogre
  3908 | D:5      | Reached skill level 4 in Maces & Flails
  3910 | D:5      | Reached XP level 7. HP: 14/43 MP: 7/7
  4159 | D:5      | Found a staircase to the Ecumenical Temple.
  4172 | Temple   | Entered the Ecumenical Temple
  4407 | Temple   | Became a worshipper of the Shining One
  4747 | D:5      | Found a shimmering altar of Xom.
  5013 | D:5      | Reached skill level 5 in Maces & Flails
  5128 | D:5      | Reached XP level 8. HP: 26/48 MP: 8/8
  5222 | D:5      | Reached skill level 1 in Evocations
  5226 | D:5      | Reached skill level 1 in Invocations
  5314 | D:5      | Gained mutation: Armour fits poorly on your strangely
                  | shaped body. [potion of mutation]
  5314 | D:5      | Gained mutation: You are partially covered in iridescent
                  | scales. (AC +2) [potion of mutation]
  5496 | D:5      | Reached * piety under the Shining One
  5501 | D:5      | Reached skill level 5 in Fighting
  6027 | D:5      | Reached skill level 6 in Maces & Flails
  6420 | D:5      | Noticed a troll
  6540 | D:4      | Killed Ijyb
  6549 | D:4      | Found Ogikoze's Assorted Antiques.
  6571 | D:4      | Bought a heavily runed pewter ring for 155 gold pieces
  6571 | D:4      | Bought a scroll labeled HEGOIN MENANT for 31 gold pieces
  6571 | D:4      | Identified the ring "Synisiag" {*Tele Slay+2 SInv} (You
                  | bought it in a shop on level 4 of the Dungeon)
  6581 | D:4      | Got a pair of bloodstained boots
  6587 | D:4      | Identified the cursed +0 pair of boots of the Meadowlark
                  | {+Fly Dex-4 Stlth+} (You found it on level 4 of the
                  | Dungeon)
  6679 | D:4      | Found a hazy altar of Hepliaklqana.
  6698 | D:4      | Noticed Natasha
  6702 | D:4      | Killed Natasha
  7013 | D:4      | Noticed Natasha
  7019 | D:4      | Killed Natasha
  7106 | D:4      | Found Ogikoze's Assorted Antiques.
  7168 | D:4      | Found a hazy altar of Hepliaklqana.
  7431 | D:4      | Noticed Natasha
  7435 | D:4      | Killed Natasha
  7483 | D:4      | Found a hazy altar of Hepliaklqana.
  7505 | D:4      | Found Ogikoze's Assorted Antiques.
  8015 | D:6      | Reached XP level 9. HP: 21/54 MP: 10/10
  8260 | D:6      | Found a shadowy altar of Dithmenos.
  9449 | D:7      | Reached ** piety under the Shining One
  9469 | D:7      | Reached skill level 7 in Maces & Flails
  9992 | D:7      | Noticed a hippogriff
 10232 | D:7      | Killed a hippogriff
 10611 | D:7      | Reached skill level 5 in Armour
 10863 | D:7      | Found Ihop's Book Shop.
 11105 | D:7      | Reached XP level 10. HP: 54/60 MP: 12/12
 11458 | D:8      | Got a wizard robe
 11798 | D:8      | Reached skill level 1 in Crossbows
 11810 | D:8      | Reached skill level 8 in Maces & Flails
 11946 | D:8      | Reached skill level 5 in Dodging
 12084 | D:8      | Got a transparent scale mail
 12126 | D:8      | Found a basalt altar of Yredelemnul.
 12195 | D:8      | Reached *** piety under the Shining One
 12416 | D:4      | Bought a scroll of identify for 62 gold pieces
 12416 | D:4      | Bought a scroll of identify for 62 gold pieces
 12416 | D:4      | Identified the +4 scale mail of Untruth {rElec rC+ Int+4}
                  | (You found it on level 8 of the Dungeon)
 12417 | D:4      | Bought a fizzy ruby potion for 27 gold pieces
 12724 | D:9      | Found Liolunt's Gadget Boutique.
 12737 | D:9      | Found a burning altar of Makhleb.
 12742 | D:9      | Found an opulent altar of Gozag.
 12742 | D:9      | Found a snail-covered altar of Cheibriados.
 12873 | D:9      | Found Loanoof's Distillery.
 12926 | D:9      | Found a shattered altar of Ashenzari.
 12956 | D:9      | Found Poqoim's Assorted Antiques.
 13022 | D:9      | Found Vaufidan's Antique Weapon Shop.
 13264 | D:9      | Found a staircase to the Orcish Mines.
 13336 | D:10     | Entered Level 10 of the Dungeon
 13393 | D:10     | Noticed a gargoyle
 13724 | D:10     | Found a staircase to the Lair.
 13757 | D:10     | Found a sparkling altar of Nemelex Xobeh.
 13757 | D:10     | Noticed Grum
 13765 | D:10     | Found a shimmering altar of Xom.
 13765 | D:10     | Found a glowing golden altar of the Shining One.
 13981 | D:10     | Killed Grum
 14048 | D:10     | Found a radiant altar of Vehumet.
 14048 | D:10     | Found a stormy altar of Qazlal.
 14048 | D:10     | Found an ancient bone altar of Kikubaaqudgha.
 14101 | D:10     | Noticed Harold
 14188 | D:10     | Noticed a two-headed ogre
 14206 | D:10     | Killed Harold
 14206 | D:10     | Reached skill level 9 in Maces & Flails
 14206 | D:10     | Reached XP level 11. HP: 37/67 MP: 14/14
 14260 | D:10     | Killed a two-headed ogre
 14534 | D:10     | Got an encrusted hunting sling
 14672 | D:10     | Noticed a two-headed ogre
 14694 | D:10     | Killed a two-headed ogre
 14930 | D:11     | Noticed a manticore
 14941 | D:11     | Killed a manticore
 14941 | D:11     | Reached skill level 5 in Shields
 14960 | D:11     | Noticed a manticore
 14978 | D:11     | Killed from afar by a manticore

Skill      XL: |  1  2  3  4  5  6  7  8  9 10 11 |
---------------+----------------------------------+-----
Maces & Flails | 2 3 4 5 6 7 9 |  9.5
Dodging        | 1 2 3 4 5 6 |  6.0
Armour         | 3 4 5 6 |  6.2
Fighting       | 4 5 6 7 |  7.3
Shields        | 3 4 5 |  5.0
Evocations     | 1 3 4 |  4.9
Invocations    | 2 3 4 |  4.7
Crossbows      | 3 |  3.7

Action                   |  1- 3 |  4- 6 |  7- 9 | 10-12 || total
-------------------------+-------+-------+-------+-------++-------
Melee: Flail             |   147 |   185 |   494 |   311 ||  1137
       Morningstar       |       |       |       |    29 ||    29
Throw: Throwing net      |       |       |       |     4 ||     4
Evoke: Wand              |       |       |    17 |     8 ||    25
  Use: Scroll            |       |     7 |     9 |    10 ||    26
       Potion            |       |     3 |     7 |     2 ||    12
  Eat: Chunk             |     9 |     9 |    23 |    27 ||    68
Armor: Scale mail        |    62 |    70 |   132 |   115 ||   379
       Skin              |       |       |    23 |       ||    23
Dodge: Dodged            |    67 |    80 |   268 |   172 ||   587
Block: Shield            |    30 |       |       |       ||    30
       Buckler           |    28 |    58 |   145 |   108 ||   339
